AoeStats
← Chor1z0

Arabia

508285449Analyzed
1v1 RM · 11d ago on Sep 21, 2026· 34m 44s· 2 players
Game mode
Random Map
Map size
Tiny (2 player)
Population
200
Speed
Normal
Resources
Standard
Victory
Conquest
Starting age
Dark Age
Ending age
Imperial Age
RankedLock teamsTeams togetherTeam positionsShared explorationLock speedFull tech treeHidden civsTurbo modeCheats
Victory
Defeat
🇦🇷 Mongols · Argentina
760
+15
🇬🇧 Franks · United Kingdom
741
-15
RubberDinghyRapidsBro
14:33 Feudal Age
12:49 Loom
25:54 Castle Age
23:45 Double-Bit Axe
28:03 Pikeman
Chor1z0
10:14 Feudal Age
10:35 Loom
11:54 Double-Bit Axe
21:36 Castle Age
19:48 Stone Mining
19:49 Gold Mining
30:57 Husbandry
32:25 Wheelbarrow
33:09 Scale Barding Armor
33:15 Forging
33:06 Padded Archer Armor
32:57 Fletching
Connection lost

Rejoining the realm…

Still unreachable

The connection could not be restored.

Session expired

The server has moved on; the page needs a fresh start.